 Dungeon Crawl Stone Soup version 0.28-a0-533-g9f97627e2a (webtiles) character file.

Game seed: 1732662739230550316

2074 tatocazan the Chopper (level 9, 38/69 HPs)
             Began as a Demonspawn Fighter on Sept 25, 2021.
             Was a Believer of Okawaru.
             Quit the game on level 6 of the Dungeon.
             The game lasted 00:05:20 (5800 turns).

tatocazan the Chopper (Demonspawn Fighter)          Turns: 5800, Time: 00:05:20

Health: 38/69      AC: 11    Str: 19    XL:     9   Next: 6%
Magic:  12/12      EV:  9    Int: 17    God:    Okawaru [**....]
Gold:   179        SH:  5    Dex: 14    Spells: 8/8 levels left

rFire   . . .      SeeInvis .   a - +1 war axe
rCold   . . .      Faith    .   c - +0 buckler
rNeg    . . .      Spirit   .   b - +0 scale mail
rPois   .          Reflect  .   (no helmet)
rElec   .          Harm     .   o - +1 cloak
rCorr   .          Rampage  .   i - +0 pair of gloves
Will    .....                   (no boots)
Stlth   ..........              (no amulet)
HPRegen 0.21/turn               l - +6 ring of intelligence
MPRegen 0.13/turn               (no ring)

@: no status effects
A: talons 1, spiny 3, big brain 1, demonic magic 1
a: Renounce Religion, Heroism


You were on level 6 of the Dungeon.
You worshipped Okawaru.
Okawaru was pleased with you.
You visited 1 branch of the dungeon, and saw 6 of its levels.

You collected 179 gold pieces.

Inventory:

Hand Weapons
 a - a +1 war axe (weapon)
Armour
 b - a +0 scale mail (worn)
 c - a +0 buckler (worn)
 i - a +0 pair of gloves (worn)
 o - a +1 cloak (worn)
Jewellery
 l - a +6 ring of intelligence (left hand)
Wands
 n - a wand of paralysis (11)
 p - a wand of iceblast (15)
Scrolls
 e - 4 scrolls of identify
 j - a scroll of blinking {unknown}
 r - 2 scrolls of enchant weapon
 t - a scroll of fear
Potions
 d - a potion of flight
 f - 2 potions of heal wounds
 g - 2 potions of curing
 h - a potion of cancellation
 k - a potion of mutation
 q - a potion of lignification


   Skills:
 + Level 6.1 Fighting
 * Level 6.2 Axes
 + Level 5.5 Armour
 + Level 5.5 Shields
 + Level 4.6 Invocations


You had 8 spell levels left.
You didn't know any spells.
Your spell library contained the following spells:

 Spells                   Type           Power      Damage    Failure   Level
 Apportation              Tloc           0%         N/A       54%         1
 Animate Skeleton         Necr           Unusable   N/A       N/A         1
 Summon Small Mammal      Summ           Unusable   N/A       N/A         1

Dungeon Overview and Level Annotations

Branches:
Dungeon (6/15)             Temple (0/1) D:5

Altars:
Fedhas
Hepliaklqana
Kikubaaqudgha
Okawaru
Vehumet
Zin


Innate Abilities, Weirdness & Mutations

You have sharp toenails.
You are completely covered in sharp spines.
You have an unusually large brain. (Int +2)
Spells you cast may paralyse adjacent enemies.


Message History

You are too injured to fight recklessly!
You are too injured to fight recklessly!
You are too injured to fight recklessly!
You are too injured to fight recklessly!
You are too injured to fight recklessly!
You are too injured to fight recklessly!
You are too injured to fight recklessly!
You are too injured to fight recklessly!
You are too injured to fight recklessly!
You are too injured to fight recklessly!
You are too injured to fight recklessly!
You are too injured to fight recklessly!
You are too injured to fight recklessly!
You are too injured to fight recklessly!
You are too injured to fight recklessly!
You are too injured to fight recklessly!
You are too injured to fight recklessly!
You are too injured to fight recklessly!
You are too injured to fight recklessly!
You are too injured to fight recklessly!
You are too injured to fight recklessly!
You are too injured to fight recklessly!
You are too injured to fight recklessly!
You are too injured to fight recklessly!
You are too injured to fight recklessly!
You are too injured to fight recklessly!
You are too injured to fight recklessly!
You are too injured to fight recklessly!
You are too injured to fight recklessly!
You are too injured to fight recklessly!
You slash the gnoll!
You kill the gnoll!
Okawaru accepts your kill.
You feel sick.
You take 1 damage, and have 38/69 hp.
You feel sick.
You are no longer poisoned.
You see here a +0 halberd.
You take 1 damage, and have 37/69 hp.
Are you sure you want to abandon this character and quit the game? (Confirm with "yes".)

..............'
..............#
#+########..#######
........###'####...
.....##..†..##...
...#.......#... ###
#.#.......#...
..###..####.'..._...+...
.......@.).)#.......#...
.........)..#.......#...
............##.....##...
..........[..###+###....
############## #...# # #
# # #


There were no monsters in sight!

Vanquished Creatures
  Grinder (D:4)
  Sigmund (D:4)
  2 vampire mosquitoes (D:6)
  A water moccasin (D:6)
  Duvessa (D:5)
  An ice beast (D:5)
  A necrophage (D:6)
  A phantom (D:4)
  A centaur (D:6)
  3 bullfrogs
  A water moccasin zombie (D:6)
  Dowan (D:5)
  3 hounds (D:5)
  A bullfrog zombie (D:5)
  A jelly (D:6)
  2 gnoll shamans
  An orc priest (D:5)
  Jessica (D:2)
  3 iguanas
  An orc wizard (D:4)
  Ijyb (D:4)
  A howler monkey zombie (D:6)
  8 adders
  6 gnolls
  A white imp (D:5)
  3 ufetubi
  A worm (D:2)
  An adder skeleton (D:4)
  2 dart slugs (D:2)
  5 orcs
  5 ball pythons
  5 bats
  7 endoplasms
  6 giant cockroaches
  4 goblins
  4 hobgoblins
  4 jackals (D:4)
  3 quokkas
  4 kobolds
  5 rats
104 creatures vanquished.

Vanquished Creatures (others)
  2 plants (D:3)
2 creatures vanquished.

Grand Total: 106 creatures vanquished

Notes
Turn   | Place    | Note
-------+----------+-------------------------------------------
     0 | D:1      | tatocazan the Demonspawn Fighter began the quest for the
                  | Orb.
     0 | D:1      | Reached XP level 1. HP: 18/18 MP: 1/1
   110 | D:1      | Gained mutation: You are partially covered in sharp spines.
                  | [demonic ancestry]
   110 | D:1      | Reached XP level 2. HP: 22/24 MP: 2/2
   903 | D:2      | Gained mutation: You have sharp toenails. [demonic
                  | ancestry]
   903 | D:2      | Reached XP level 3. HP: 2/29 MP: 3/3
  1269 | D:2      | Noticed Jessica
  1274 | D:2      | Killed Jessica
  1323 | D:2      | Reached XP level 4. HP: 32/35 MP: 4/4
  1588 | D:2      | Found a faded altar of an unknown god.
  1982 | D:3      | Found a hazy altar of Hepliaklqana.
  2313 | D:3      | Found a blossoming altar of Fedhas.
  2316 | D:3      | Found an ancient bone altar of Kikubaaqudgha.
  2783 | D:4      | Noticed Grinder
  2797 | D:4      | Paralysed by Grinder for 6 turns
  2804 | D:4      | Killed Grinder
  2805 | D:4      | Gained mutation: You have an unusually large brain. (Int
                  | +2) [demonic ancestry]
  2805 | D:4      | Reached XP level 5. HP: 23/42 MP: 5/5
  2805 | D:4      | Reached XP level 6. HP: 27/48 MP: 6/6
  3237 | D:4      | Found an iron altar of Okawaru.
  3237 | D:4      | Noticed Ijyb
  3251 | D:4      | Killed Ijyb
  3314 | D:4      | Became a worshipper of Warmaster Okawaru
  3430 | D:4      | Gained mutation: You are mostly covered in sharp spines.
                  | [demonic ancestry]
  3430 | D:4      | Reached XP level 7. HP: 53/55 MP: 7/7
  3526 | D:4      | Reached skill level 1 in Invocations
  3798 | D:4      | Noticed Sigmund
  3803 | D:4      | Killed Sigmund
  3804 | D:4      | Reached skill level 5 in Fighting
  3954 | D:5      | Entered Level 5 of the Dungeon
  3981 | D:5      | Found a staircase to the Ecumenical Temple.
  4210 | D:5      | Reached * piety under Okawaru
  4426 | D:5      | Noticed Duvessa
  4427 | D:5      | Noticed Dowan
  4436 | D:5      | Killed Duvessa
  4437 | D:5      | Gained mutation: You are completely covered in sharp
                  | spines. [demonic ancestry]
  4437 | D:5      | Reached XP level 8. HP: 10/62 MP: 8/10
  4439 | D:5      | Killed Dowan
  4440 | D:5      | Reached skill level 5 in Axes
  4933 | D:5      | Reached skill level 5 in Shields
  5141 | D:5      | Reached skill level 5 in Armour
  5548 | D:6      | Reached ** piety under Okawaru
  5775 | D:6      | Found a radiant altar of Vehumet.
  5779 | D:6      | Gained mutation: Spells you cast may paralyse adjacent
                  | enemies. [demonic ancestry]
  5779 | D:6      | Reached XP level 9. HP: 69/69 MP: 12/12
  5800 | D:6      | Quit the game

Illustrated notes

Levels and vault maps discovered:
D:1:      dpeg_arrival_arbitrary_c, layout_basic
D:2:      wander_river, layout_rooms, shapermc_ecumenical_altar_totnotflames,
          grunt_decor_fettered, minivault_24, uniq_jessica
D:3:      layout_basic, grunt_temple_overflow_growth_and_decay,
          pf_just_have_faith, serial_bayou, serial_bayou_lagoon_a,
          serial_bayou_pond_e, serial_bayou_ford_a, serial_bayou_pond_a
D:4:      layout_loops_cross, mainiacjoe_overflow_surrounded_room, zin_statuary,
          uniq_sigmund, uniq_grinder, uniq_crazy_yiuf_cottage, uniq_ijyb
D:5:      layout_gridville, minmay_temple_entry_tees,
          ebering_dispersal_statue_hall, minmay_misc_feat_columns, uniq_duvessa
D:6:      layout_gridville, nicolae_ru_awakened_eye,
          nicolae_vehumet_altar_sigil, amcnicky_mini_corridor_feature,
          minmay_circle_x, uniq_edmund, uniq_eustachio, uniq_maggie

Skill      XL: |  1  2  3  4  5  6  7  8 |
---------------+-------------------------+-----
Axes           | 2 3 4 6 |  6.2
Armour         | 3 4 5 |  5.5
Shields        | 3 4 5 |  5.5
Fighting       | 4 5 6 |  6.1
Invocations    | 2 4 |  4.6

Action                   |  1- 3 |  4- 6 |  7- 9 || total
-------------------------+-------+-------+-------++-------
Melee: War axe           |    48 |    89 |    98 ||   235
       Kick              |     2 |    23 |    30 ||    55
  Use: Potion            |     1 |     1 |     1 ||     3
       Scroll            |       |       |    10 ||    10
Armor: Scale mail        |    21 |    26 |    43 ||    90
Dodge: Dodged            |    27 |    34 |    46 ||   107
Block: Buckler           |     8 |    25 |    36 ||    69

Table legend: (Time is in decaauts)
 A = Elapsed time spent in this place.
 B = Non-inter-level travel time spent in this place.
 C = Inter-level travel time spent in this place.
 D = Time resting spent in this place.
 E = Time spent auto-exploring this place.
 F = Levels seen in this place.
 G = Mean time per level.
                   A        B        C        D        E       F      G
               +--------+--------+--------+--------+--------+-----+--------+
         Total |   5913 |   5764 |    149 |    939 |   4111 |   6 |  985.5 |
       Dungeon |   5913 |   5764 |    149 |    939 |   4111 |   6 |  985.5 |
               +--------+--------+--------+--------+--------+-----+--------+

Top non-repeatable levels by time:
     D:5: 1434 daAuts
     D:4: 1188 daAuts
     D:2: 1140 daAuts
     D:3: 890 daAuts
     D:1: 828 daAuts
     D:6: 431 daAuts
